 Dungeon Crawl Stone Soup version 0.30-a0-50-gb2d611f6b1 (webtiles) character file.

Game seed: 12382962311911318800

1148 LnG the Cleaver (level 8, -7/69 HPs)
             Began as a Hill Orc Fighter on Sept 3, 2022.
             Was a Follower of Uskayaw.
             Mangled by Eustachio
             ... wielding a +1 rapier of electrocution
              (14 damage)
             ... on level 5 of the Dungeon.
             The game lasted 00:12:52 (5225 turns).

LnG the Cleaver (Hill Orc Fighter)                  Turns: 5225, Time: 00:12:55

Health: -7/69      AC: 11    Str: 21    XL:     8   Next: 38%
Magic:  8/8        EV: 10    Int:  8    God:    Uskayaw [*.....]
Gold:   216        SH:  4    Dex: 10    Spells: 7/7 levels left

rFire   . . .      SeeInvis .    v - +3 war axe
rCold   . . .      Faith    .    c - +0 buckler
rNeg    . . .      Spirit   .    b - +0 scale mail
rPois   .          Reflect  .    x - +0 helmet
rElec   .          Harm     .    (no cloak)
rCorr   .          Rampage  .    (no gloves)
Will    .....                    r - +1 pair of boots
Stlth   ..........               (no amulet)
HPRegen 0.21/turn                (no ring)
MPRegen 0.11/turn                (no ring)

@: no status effects
A: no striking features
a: Renounce Religion, Stomp


You were on level 5 of the Dungeon.
You worshipped Uskayaw.
Uskayaw was noncommittal.
You visited 2 branches of the dungeon, and saw 7 of its levels.

You collected 216 gold pieces.

Inventory:

Hand Weapons
 a - a +1 war axe
 v - a +3 war axe (weapon)
Armour
 b - a +0 scale mail (worn)
 c - a +0 buckler (worn)
 r - a +1 pair of boots (worn)
 x - a +0 helmet (worn)
Jewellery
 h - a +6 ring of dexterity
 j - a +4 ring of evasion
 s - a ring of magical power
Wands
 f - a wand of flame (11)
 w - a wand of iceblast (16)
 y - a wand of quicksilver (1)
Scrolls
 d - a scroll of poison
 m - a scroll of fear
 n - a scroll of blinking
 q - 2 scrolls of teleportation
Potions
 e - a potion of heal wounds
 g - a potion of haste
 i - 2 potions of brilliance {unknown}
 k - a potion of mutation {unknown}
 l - 3 potions of curing
 o - 3 potions of flight {unknown}
 p - 4 potions of degeneration {unknown}
 t - 2 potions of berserk rage {unknown}
 u - a potion of might


   Skills:
 + Level 5.6 Fighting
 + Level 9.4 Axes
 + Level 5.9 Armour
 + Level 1.6 Dodging
 + Level 0.8 Stealth
 + Level 4.0 Shields


You had 7 spell levels left.
You didn't know any spells.
Your spell library contained the following spells:

 Spells                   Type           Power      Damage    Failure   Level
 Slow                     Hex            0%         N/A       82%         1
 Tukima's Dance           Hex            0%         N/A       99%         3
 Anguish                  Hex/Necr       0%         N/A       100%        4
 Fulminant Prism          Conj/Hex       0%         3d6       100%        4
 Enfeeble                 Hex            0%         N/A       100%        7


Dungeon Overview and Level Annotations

Branches:
Dungeon (6/15)             Temple (1/1) D:6

Altars:
Ashenzari
Cheibriados
Dithmenos
Elyvilon
Fedhas
Gozag
Kikubaaqudgha
Makhleb
Nemelex Xobeh
Okawaru
Qazlal
Ru
Sif Muna
Trog
Uskayaw
Vehumet
Wu Jian
Yredelemnul
Zin
The Shining One

Annotations:
D:4 3 runed translucent doors, drugrobin's ghost, amateur DgDe; tatocazan's ghost, amateur DsFi
D:5 Eustachio; Pikel


Message History

Eustachio barely misses you.
You slash Eustachio!
Eustachio is heavily wounded.
Eustachio closely misses you.
You can now pass through a line of other dancers.
You closely miss Eustachio.
Eustachio is heavily wounded.
Eustachio hits you with a +1 rapier of electrocution.
You slash Eustachio!
Eustachio is almost dead.
Eustachio hits you with a +1 rapier of electrocution.
You are electrocuted!!
You miss Eustachio.
Eustachio is almost dead.
Eustachio growls, "To hell with you, honourless miscreant!"
Eustachio mumbles some strange words.
Eustachio blinks!
You hit Eustachio but do no damage.
Eustachio is almost dead.
Eustachio hits you with a +1 rapier of electrocution.
You are electrocuted!
* * * LOW HITPOINT WARNING * * *
You barely miss Eustachio.
Eustachio is almost dead.
Eustachio hits you but does no damage.
You are electrocuted!
* * * LOW HITPOINT WARNING * * *
You closely miss Eustachio.
Eustachio is almost dead.
Eustachio mumbles some strange words.
Eustachio blinks!
You can no longer pass through a line of other dancers.
You see here a dart slug corpse.
Eustachio gestures wildly while chanting.
You closely miss Eustachio.
Eustachio is almost dead.
You hit the iron imp.
Eustachio hits you with a +1 rapier of electrocution.
* * * LOW HITPOINT WARNING * * *
You are electrocuted!
You die...

### .<# #
#.#
#.###.######
#..........#
#....@55.#
#.###@##...#
#†####.###
#.........
#...##.## #
##.##
....###.#
#.....<#
#.######


You could see Eustachio, an iron imp (summoned) and a quasit (summoned).

Vanquished Creatures
  Grinder (D:4)
  Sigmund (D:3)
  Duvessa (D:4)
  An ogre (D:4)
  Blork the orc (D:4)
  2 necrophages (D:6)
  A bullfrog (D:6)
  Dowan (D:4)
  An orc priest (D:4)
  3 iguanas
  An orc wizard (D:5)
  Ijyb (D:3)
  Robin (D:3)
  5 adders
  2 dart slugs
  13 orcs
  2 bats
  10 endoplasms
  5 giant cockroaches
  16 goblins
  8 hobgoblins
  3 jackals (D:3)
  4 quokkas
  6 ball pythons
  6 frilled lizards
  9 kobolds
  2 rats
107 creatures vanquished.

Vanquished Creatures (others)
  A plant (D:4)
  6 withered plants (D:4)
7 creatures vanquished.

Grand Total: 114 creatures vanquished

Notes
Turn   | Place    | Note
-------+----------+-------------------------------------------
     0 | D:1      | LnG the Hill Orc Fighter began the quest for the Orb.
     0 | D:1      | Reached XP level 1. HP: 19/19 MP: 1/1
  1001 | D:2      | Reached XP level 2. HP: 15/27 MP: 2/2
  1008 | D:2      | Reached skill level 3 in Axes
  1233 | D:2      | Reached XP level 3. HP: 26/33 MP: 3/3
  1386 | D:2      | Found a broken altar of Ashenzari.
  1492 | D:2      | Got the Vellum of Interference
  1591 | D:2      | Identified the +0 leather armour of Distant Shores {rF+
                  | Dex+5}
  2020 | D:3      | Reached skill level 4 in Axes
  2406 | D:3      | Noticed Robin
  2409 | D:3      | Noticed Sigmund
  2412 | D:3      | Reached XP level 4. HP: 34/40 MP: 4/4
  2415 | D:3      | Killed Robin
  2427 | D:3      | Killed Sigmund
  2428 | D:3      | Reached skill level 5 in Axes
  2428 | D:3      | Reached XP level 5. HP: 33/47 MP: 5/5
  2428 | D:3      | Reached XP level 6. HP: 37/53 MP: 6/6
  2591 | D:3      | Noticed Ijyb
  2592 | D:3      | You fall into a shaft and drop 3 floors!
  2615 | D:6      | Reached skill level 1 in Dodging
  2623 | D:6      | Reached skill level 6 in Axes
  2757 | D:6      | Found a staircase to the Ecumenical Temple.
  2767 | Temple   | Entered the Ecumenical Temple
  2779 | Temple   | Became a worshipper of Uskayaw the Reveller
  3079 | D:6      | Reached * piety under Uskayaw
  3085 | D:6      | Reached ** piety under Uskayaw
  3089 | D:6      | Reached skill level 7 in Axes
  3089 | D:6      | Reached XP level 7. HP: 42/60 MP: 7/7
  3107 | D:5      | Entered Level 5 of the Dungeon
  3166 | D:5      | Reached skill level 5 in Armour
  3167 | D:5      | Reached *** piety under Uskayaw
  3400 | D:5      | Noticed Pikel
  3679 | D:4      | Noticed Blork the orc
  3689 | D:4      | Killed Blork the orc
  3690 | D:4      | Reached skill level 5 in Fighting
  3778 | D:3      | Found a faded altar of an unknown god.
  3791 | D:3      | Found an ornate altar of the Wu Jian Council.
  3795 | D:3      | Found an ancient bone altar of Kikubaaqudgha.
  3902 | D:3      | Killed Ijyb
  4136 | D:4      | Noticed Grinder
  4159 | D:4      | Killed Grinder
  4160 | D:4      | Reached skill level 8 in Axes
  4235 | D:4      | Reached XP level 8. HP: 43/68 MP: 8/8
  4478 | D:4      | Found a runed translucent gate.
  4478 | D:4      | Found a runed translucent gate.
  4478 | D:4      | Found a runed translucent gate.
  4479 | D:4      | Noticed drugrobin's ghost (amateur DgDe)
  4480 | D:4      | Noticed tatocazan's ghost (amateur DsFi)
  4726 | D:4      | Reached skill level 9 in Axes
  4747 | D:4      | Noticed Duvessa
  4747 | D:4      | Noticed Dowan
  4756 | D:4      | Killed Duvessa
  4764 | D:4      | Reached **** piety under Uskayaw
  4765 | D:4      | Killed Dowan
  5208 | D:5      | Noticed Eustachio
  5225 | D:5      | Mangled by Eustachio

Illustrated notes

Levels and vault maps discovered:
D:1:      dpeg_arrival_tiny_g, layout_basic
D:2:      layout_rooms, basic_altar, chequers_serial_rivers_marsh,
          minmay_indecisive_spiral
D:3:      layout_basic, grunt_temple_overflow_open,
          shapermc_ecumenical_altar_mp_highgroup, uniq_sigmund, uniq_robin,
          uniq_ijyb
D:4:      layout_gridville, gammafunk_ghost_cemetery, nicolae_zen_rock_garden,
          uniq_blork_the_orc, uniq_duvessa, uniq_grinder
D:5:      layout_loops_ring, regret_index_temple_of_mockery, uniq_pikel,
          uniq_eustachio, uniq_edmund
D:6:      nicolae_cairo_tiling_large_dashed, layout_loops_ring,
          minmay_temple_entry_stoned_glass
Temple:   bh_familiar_temple

Skill      XL: |  1  2  3  4  5  6  7  8 |
---------------+-------------------------+-----
Axes           | 3 4 5 7 8 9 |  9.4
Armour         | 4 5 |  5.9
Fighting       | 4 5 |  5.6
Dodging        | 1 |  1.6
Shields        | 4 |  4.0
Stealth        | |  0.8

Action                   |  1- 3 |  4- 6 |  7- 9 || total
-------------------------+-------+-------+-------++-------
Melee: War axe           |   109 |    58 |   136 ||   303
  Use: Scroll            |     5 |       |     4 ||     9
       Potion            |       |     2 |       ||     2
 Stab: Paralysed         |       |       |     1 ||     1
Armor: Scale mail        |    67 |    27 |    34 ||   128
Dodge: Dodged            |    55 |    30 |    42 ||   127
Block: Buckler           |    27 |    11 |    16 ||    54

Table legend: (Time is in decaauts)
 A = Elapsed time spent in this place.
 B = Non-inter-level travel time spent in this place.
 C = Inter-level travel time spent in this place.
 D = Time resting spent in this place.
 E = Time spent auto-exploring this place.
 F = Levels seen in this place.
 G = Mean time per level.
                   A        B        C        D        E       F      G
               +--------+--------+--------+--------+--------+-----+--------+
         Total |   5300 |   5180 |    120 |   1425 |   2398 |   7 |  757.1 |
       Dungeon |   5072 |   4993 |     79 |   1425 |   2229 |   6 |  845.3 |
        Temple |    227 |    186 |     41 |      0 |    169 |   1 |  227.0 |
               +--------+--------+--------+--------+--------+-----+--------+

Top non-repeatable levels by time:
     D:4: 1428 daAuts
     D:2: 1020 daAuts
     D:3: 1000 daAuts
     D:1: 998 daAuts
     D:5: 329 daAuts
     D:6: 294 daAuts
  Temple: 227 daAuts
